Map: Frozen Temple

Players

ELGOLDEN

  • Race: Protoss Protoss
  • League: Diamond

Aegwynn - Winner!

  • Race: Zerg Zerg
  • League: Master

VOD

https://www.youtube.com/channel/UCcSgNfDNxvyisU-eCj9xyNg/playlists

Description

Time

  • Played on: Aug. 26, 2016, 3:13 a.m.
  • Length: 11:48
Show
View Real Time Build Order
Export as new Build Order

ELGOLDEN Protoss 

Build Orders:  

Get SALT Encoding   

  12  0:01  Probe (Chrono Boost)  
  13  0:11  Probe (Chrono Boost)  
  14  0:20  Pylon  
  14  0:24  Probe (Chrono Boost)  
  15  0:37  Assimilator  
  15  0:38  Probe (Chrono Boost)  
  16  0:49  Probe (Chrono Boost)  
  17  0:59  Probe (Chrono Boost)  
  18  1:08  Nexus  
  18  1:17  Probe (Chrono Boost)  
  19  1:25  Gateway  
  19  1:27  Probe (Chrono Boost)  
  20  1:38  Probe (Chrono Boost)  
  21  1:48  Probe (Chrono Boost)  
  22  1:57  Pylon  
  22  1:59  Probe (Chrono Boost)  
  23  2:12  Cybernetics Core  
  23  2:15  Zealot, Probe (Chrono Boost)  
  26  2:16  Assimilator  
  26  2:24  Probe (Chrono Boost)  
  26  2:26  Probe (Chrono Boost)  
  26  2:28  Pylon  
  28  2:34  Probe (Chrono Boost)  
  28  2:36  Probe (Chrono Boost)  
  30  2:43  Assimilator  
  30  2:46  Probe (Chrono Boost)  
  30  2:47  Probe (Chrono Boost)  
  30  2:48  Adept  
  30  2:49  Warp Gate  
  32  2:57  Probe (Chrono Boost)  
  32  2:58  Probe (Chrono Boost)  
  36  3:08  Probe (Chrono Boost)  
  36  3:10  Probe (Chrono Boost)  
  38  3:18  Probe (Chrono Boost)  
  39  3:22  Mothership Core (Chrono Boost)  
  41  3:29  Probe (Chrono Boost), Stargate  
  42  3:39  Probe (Chrono Boost), Sentry  
  42  3:40  Probe (Chrono Boost)  
  46  3:43  Pylon  
  46  3:45  Assimilator  
  46  3:50  Probe (Chrono Boost)  
  46  3:51  Pylon  
  46  3:52  Probe (Chrono Boost)  
  48  4:00  Probe (Chrono Boost)  
  50  4:04  Probe (Chrono Boost)  
  50  4:06  Gateway x2  
  50  4:10  Phoenix  
  50  4:11  Probe (Chrono Boost)  
  50  4:16  Probe (Chrono Boost)  
  54  4:21  Probe (Chrono Boost)  
  55  4:28  Probe (Chrono Boost)  
  56  4:31  Twilight Council  
  56  4:32  Probe (Chrono Boost)  
  57  4:40  Probe (Chrono Boost)  
  57  4:43  Probe (Chrono Boost)  
  59  4:52  Gateway  
  58  4:53  Probe x2 (Chrono Boost)  
  58  4:54  Phoenix  
  61  5:04  Gateway  
  61  5:05  Probe (Chrono Boost)  
  62  5:10  Probe (Chrono Boost)  
  63  5:17  Probe (Chrono Boost)  
  63  5:20  Resonating Glaives  
  64  5:22  Adept  
  64  5:24  Adept x2  
  70  5:28  Pylon  
  70  5:34  Nexus  
  70  5:40  Pylon  
  70  5:43  Pylon, Phoenix  
  70  5:47  Gateway  
  72  5:53  Pylon  
  72  6:05  Phoenix  
  72  6:09  Stalker x2  
  72  6:10  Stalker  
  80  6:16  Probe (Chrono Boost)  
  80  6:18  Probe (Chrono Boost)  
  82  6:24  Robotics Facility  
  82  6:26  Phoenix  
  82  6:27  Probe (Chrono Boost)  
  82  6:30  Robotics Facility, Probe (Chrono Boost)  
  86  6:37  Probe (Chrono Boost)  
  85  6:42  Probe (Chrono Boost), Stalker  
  85  6:43  Stalker x5  
  98  6:48  Probe (Chrono Boost)  
  100  6:54  Probe (Chrono Boost)  
  100  6:56  Probe (Chrono Boost), Assimilator  
  100  6:58  Probe (Chrono Boost)  
  102  7:01  Assimilator  
  102  7:06  Probe x2 (Chrono Boost)  
  96  7:18  Zealot x6  
  76  7:41  Adept  
  76  7:42  Adept x3  
  76  7:43  Void Ray, Adept x2  
  84  7:46  Immortal  
  84  7:48  Probe (Chrono Boost)  
  84  7:49  Probe x2 (Chrono Boost)  
  93  7:58  Probe (Chrono Boost)  
  93  8:01  Probe x2 (Chrono Boost)  
  94  8:06  Stalker x3  
  94  8:09  Probe (Chrono Boost), Pylon  
  101  8:15  Probe (Chrono Boost), Pylon  
  101  8:17  Probe (Chrono Boost), Pylon  
  101  8:19  Probe (Chrono Boost)  
  99  8:22  Zealot x3  
  99  8:26  Observer  
  96  8:28  Probe (Chrono Boost)  
  96  8:30  Zealot x3  
  89  8:37  Immortal  
  89  8:39  Blink  
  88  8:47  Immortal  
  88  8:48  Probe x2 (Chrono Boost)  
  94  8:49  Pylon  
  94  8:50  Probe (Chrono Boost)  
  95  8:57  Pylon  
  95  8:59  Pylon, Stalker  
  95  9:00  Probe (Chrono Boost), Pylon  
  98  9:04  Sentry  
  98  9:05  Sentry x2  
  104  9:14  Templar Archives  
  104  9:16  Probe (Chrono Boost)  
  104  9:17  Probe (Chrono Boost)  
  106  9:37  Pylon  
  106  9:38  Pylon  
  106  9:43  Probe (Chrono Boost)  
  106  9:44  Probe x2 (Chrono Boost)  
  97  10:01  High Templar x3  
  97  10:02  High Templar x3  
  97  10:05  Probe (Chrono Boost)  
  97  10:06  Probe x2 (Chrono Boost)  
  112  10:13  Archon x2  
  112  10:15  Probe (Chrono Boost)  
  112  10:18  Probe (Chrono Boost)  
  112  10:20  Warp Prism  
  116  10:22  Oracle  
  116  10:24  Pylon  
  119  10:28  Pylon  
  119  10:34  High Templar  
  119  10:35  High Templar  
  123  10:36  Nexus, Adept x3  
  123  10:37  Pylon, Adept  
  123  10:38  Archon  
  123  10:39  Archon  
  131  10:47  Probe x2 (Chrono Boost)  
  133  10:58  Gateway  
  133  11:00  Pylon  
  133  11:01  Gateway  
  133  11:05  Robotics Bay  
  133  11:15  Zealot x6  
  109  11:39  Zealot x6  
Show
View Real Time Build Order
Export as new Build Order

Aegwynn Zerg - Winner!

Build Orders: Hatch First, Lurkers 

Get SALT Encoding   

  12  0:01  Drone  
  13  0:13  Overlord  
  13  0:17  Drone  
  14  0:31  Drone x2  
  16  0:36  Drone  
  17  0:53  Hatchery  
  17  0:56  Drone  
  17  1:00  Drone  
  18  1:04  Extractor  
  17  1:19  Spawning Pool  
  17  1:20  Drone  
  17  1:27  Drone, Extractor  
  17  1:33  Drone  
  19  1:40  Drone  
  19  1:50  Overlord  
  19  2:02  Drone  
  19  2:05  Drone  
  19  2:06  Queen  
  19  2:07  Queen  
  25  2:14  Metabolic Boost  
  25  2:17  Drone  
  26  2:23  Drone x2  
  26  2:28  Drone  
  29  2:44  Hatchery  
  28  2:51  Drone x4  
  31  2:56  Overlord  
  32  3:09  Drone x2  
  32  3:11  Queen  
  36  3:21  Drone x6  
  36  3:22  Drone  
  36  3:25  Overlord  
  43  3:33  Roach Warren  
  42  3:38  Overlord  
  42  3:39  Zergling x2  
  42  3:40  Zergling x2  
  44  3:45  Zergling x2  
  45  3:54  Lair  
  45  3:56  Extractor  
  45  3:57  Drone x2  
  45  3:58  Drone  
  45  3:59  Drone  
  45  4:01  Spore Crawler  
  45  4:02  Evolution Chamber, Drone x2  
  48  4:12  Drone x5  
  53  4:24  Drone x3, Extractor  
  52  4:30  Roach  
  52  4:31  Roach x4  
  65  4:39  Spore Crawler  
  65  4:43  Extractor  
  65  4:45  Spore Crawler  
  62  4:48  Spore Crawler  
  62  4:56  Drone  
  62  4:57  Overlord x4  
  62  4:59  Zerg Missile Weapons Level 1  
  66  5:00  Glial Reconstitution  
  66  5:01  Overlord x2  
  66  5:11  Overlord x2  
  65  5:16  Drone x6  
  65  5:17  Drone  
  72  5:23  Drone  
  72  5:26  Overseer  
  73  5:34  Drone x6  
  77  5:39  Roach  
  79  5:44  Roach x5  
  89  5:56  Roach x5  
  99  5:58  Extractor  
  99  6:01  Queen x2  
  101  6:06  Drone  
  101  6:07  Spore Crawler  
  101  6:12  Roach  
  101  6:13  Roach x3  
  109  6:20  Overlord x5  
  109  6:23  Hydralisk Den  
  108  6:27  Overlord x2  
  108  6:38  Tunneling Claws, Queen  
  108  6:39  Burrow  
  110  6:40  Drone  
  110  6:43  Zergling x2  
  110  6:44  Zergling x14  
  110  6:45  Ravager x2  
  110  6:46  Ravager  
  122  6:52  Drone  
  123  6:56  Zergling x6  
  114  7:11  Roach x6  
  122  7:22  Roach x5  
  110  7:37  Zergling x12  
  110  7:38  Hatchery  
  110  7:41  Muscular Augments  
  110  7:43  Zerg Melee Weapons Level 1  
  109  7:54  Roach x4  
  109  7:57  Zergling x2  
  109  7:58  Roach x4, Zergling x18  
  117  8:02  Roach x6  
  109  8:23  Drone x2  
  109  8:24  Overlord x3, Drone, Extractor  
  109  8:25  Hydralisk x5  
  121  8:30  Drone x2  
  121  8:31  Drone x2  
  121  8:32  Extractor  
  98  8:48  Hydralisk  
  98  8:49  Hydralisk x3  
  106  8:55  Hydralisk x2  
  106  8:56  Hydralisk x3  
  106  8:58  Roach  
  106  9:01  Roach  
  116  9:05  Drone x2  
  116  9:08  Roach, Zergling x14  
  125  9:15  Drone x2  
  125  9:16  Drone  
  126  9:18  Zergling x2  
  126  9:22  Lurker Den  
  121  9:26  Drone x5  
  121  9:28  Overlord x3  
  124  9:33  Zergling x2  
  124  9:34  Zergling x8  
  124  9:37  Spine Crawler  
  128  9:44  Baneling Nest  
  128  9:45  Zergling x8  
  122  9:56  Hydralisk  
  122  9:57  Hydralisk x14  
  137  10:06  Spore Crawler  
  137  10:07  Drone x3  
  137  10:08  Extractor  
  138  10:21  Zergling x16  
  146  10:25  Spine Crawler  
  146  10:26  Drone x3  
  148  10:30  Drone x4, Extractor  
  148  10:34  Hydralisk x3  
  148  10:35  Hydralisk x2  
  161  10:41  Overseer  
  161  10:47  Zergling x2  
  161  10:48  Zergling x12  
  168  10:51  Lurker  
  168  10:52  Lurker x5  
  168  10:54  Zergling x8  
  168  10:55  Zergling x14  
  168  10:56  Baneling x3  
  185  11:07  Hydralisk x5  
  190  11:16  Lurker  
  191  11:20  Spine Crawler  
  172  11:30  Zergling x2  
  172  11:31  Zergling x28  
Tags
 
Add a new tag
Caveats
  • Supply blocks, unpowered buildings, or Contaminate may cause inaccurate times.
  • Supply counts are checked every 10 seconds.